 Dungeon Crawl Stone Soup version 0.22.1-5-g62c59d919a (webtiles) character file.

276 Dexcius the Chopper (level 6, -2/56 HPs)
             Began as a Minotaur Berserker on Jan 8, 2019.
             Was a Believer of Trog.
             Succumbed to Ijyb's poison
             ... on level 3 of the Dungeon.
             The game lasted 00:06:08 (1661 turns).

Dexcius the Chopper (Minotaur Berserker)            Turns: 1661, Time: 00:06:09

Health: -2/56      AC: 10    Str: 22    XL:     6   Next: 4%
Magic:  5/5        EV:  9    Int:  4    God:    Trog [**....]
Gold:   88         SH:  0    Dex: 11    Spells: 5/5 levels left

rFire    . . .     SeeInvis .   a - +0 hand axe
rCold    . . .     Gourm    .   (no shield)
rNeg     . . .     Faith    .   j - +0 chain mail
rPois    .         Spirit   .   (helmet restricted)
rElec    .         Reflect  .   (no cloak)
rCorr    .         Harm     .   (no gloves)
MR       .....                  b - +0 pair of boots
Stlth    ..........             (no amulet)
HPRegen  0.18/turn              (no ring)
MPRegen  0.09/turn              (no ring)

@: lethally poisoned (-2 -> -37), berserk cooldown, slowed, very slow
A: retaliatory headbutt, horns 2
a: Berserk, Trog's Hand, Renounce Religion


You were on level 3 of the Dungeon.
You worshipped Trog.
Trog was pleased with you.
You were very hungry.

You visited 1 branch of the dungeon, and saw 3 of its levels.

You collected 88 gold pieces.

Inventory:

Hand Weapons
 a - a +0 hand axe (weapon)
 o - a +0 mace of protection
Armour
 b - a +0 pair of boots (worn)
 j - a +0 chain mail (worn)
Jewellery
 l - an uncursed ring of fire {unknown}
Wands
 n - a wand of flame (17)
Scrolls
 d - a scroll of enchant weapon {unknown}
 f - a scroll of noise {unknown}
 k - a scroll of magic mapping {unknown}
Potions
 e - a potion of resistance {unknown}
 g - a potion of agility {unknown}
 h - 2 potions of heal wounds {unknown}
 i - a potion of ambrosia {unknown}
 m - a potion of cancellation {unknown}
Comestibles
 c - 5 rations


   Skills:
 + Level 5.5 Fighting
 + Level 5.7 Axes
 + Level 4.0 Armour
 + Level 3.0 Dodging
 + Level 0.1 Stealth


You had 5 spell levels left.
You didn't know any spells.
Your spell library was empty.

Dungeon Overview and Level Annotations

Branches:
Dungeon (3/15)

Altars:
Ru


Innate Abilities, Weirdness & Mutations

You reflexively headbutt those who attack you in melee.
You have a pair of horns on your head.


Message History

You have reached level 6!
Your experience leads to an increase in your attributes!
Your base attributes are Str 21, Int 4, Dex 11.
Increase (S)trength, (I)ntelligence, or (D)exterity?
You feel stronger.
* * * LOW HITPOINT WARNING * * *
You feel sick.
* * * LOW HITPOINT WARNING * * *
You feel sick.
You feel a strong urge to attack something.
* * * LOW HITPOINT WARNING * * *
You feel very sick.
You are no longer berserk.
You are exhausted.
You feel yourself slow down.
* * * LOW HITPOINT WARNING * * *
You feel sick.
* * * LOW HITPOINT WARNING * * *
You feel very sick.
You die...

#...........
#..........
..........
.........
.......)###
......)...#
(.......#.#
........#.#
.......?#@#
........#.#
........#.#
........#.#
#########.#
#.# #.# #.#
#.#


There were no monsters in sight!

Vanquished Creatures
  Sigmund (D:2)
  Jessica (D:2)
  Ijyb (D:3)
  Terence (D:2)
  2 oozes
  A leopard gecko (D:1)
  An orc (D:3)
  7 bats
  2 giant cockroaches (D:2)
  5 goblins
  3 hobgoblins
  A frilled lizard (D:2)
  8 kobolds
  A leopard gecko skeleton (D:2)
  4 rats
39 creatures vanquished.

Notes
Turn   | Place    | Note
-------+----------+-------------------------------------------
     0 | D:1      | Dexcius the Minotaur Berserker began the quest for the Orb.
     0 | D:1      | Reached XP level 1. HP: 19/19 MP: 0/0
    79 | D:1      | Reached XP level 2. HP: 25/27 MP: 1/1
   359 | D:1      | Reached ** piety under Trog
   450 | D:2      | Noticed Jessica
   450 | D:2      | Noticed Sigmund
   742 | D:2      | Killed Sigmund
   742 | D:2      | Reached skill level 5 in Fighting
   742 | D:2      | Reached skill level 5 in Axes
   742 | D:2      | Reached XP level 3. HP: 12/36 MP: 2/2
   742 | D:2      | Reached XP level 4. HP: 14/42 MP: 3/3
   742 | D:2      | Reached XP level 5. HP: 16/48 MP: 4/4
   749 | D:2      | Killed Jessica
  1132 | D:2      | Found a sacrificial altar of Ru.
  1380 | D:2      | Noticed Terence
  1385 | D:2      | Killed Terence
  1636 | D:3      | Noticed Ijyb
  1656 | D:3      | Killed Ijyb
  1656 | D:3      | Reached XP level 6. HP: 18/56 MP: 5/5
  1660 | D:3      | HP: 1/56 [poisoned by Ijyb]
  1661 | D:3      | Succumbed to Ijyb's poison

Skill      XL: |  1  2  3  4  5 |
---------------+----------------+-----
Fighting       | 5 |  5.5
Axes           | 5 |  5.7
Armour         | 3 4 |  4.0
Dodging        | 3 |  3.0
Stealth        | |  0.1

Action                   |  1- 3 |  4- 6 || total
-------------------------+-------+-------++-------
Melee: Hand axe          |    33 |    45 ||    78
       Headbutt          |     6 |     9 ||    15
Invok: Berserk           |       |     1 ||     1
  Eat: Chunk             |       |     2 ||     2
Armor: Animal skin       |     6 |       ||     6
       Scale mail        |    10 |     5 ||    15
       Chain mail        |       |    23 ||    23
Dodge: Dodged            |    25 |    21 ||    46
